[Event "*** Titled Tuesday Blitz"]
[Site "Chess.com"]
[Date "2020.04.21"]
[Round "6"]
[White "tteshan"]
[Black "Muguet7"]
[Result "1-0"]
[WhiteElo "2268"]
[BlackElo "2502"]
[TimeControl "180+1"]
[EndTime "11:08:21 PDT"]
[Termination "tteshan won by checkmate"]

1. d4 Nf6 2. c4 e6 3. Nf3 b6 4. a3 Ba6 5. e3 d5 6. Nbd2 Be7 7.
Be2 O-O 8. O-O c5 9. cxd5 Bxe2 10. Qxe2 exd5 11. b3 Nc6 12. Bb2 Qd7 13. Rac1 Qf5 14. Rfd1 Rac8 15. dxc5 bxc5 16. h3 Rfd8 17. Qb5 Qe6 18.
Nf1 Rb8 19. Qd3 Na5 20. Ng5 Qd6 21. Bxf6 Bxf6 22. Qxh7+ Kf8 23. Ng3 Bxg5 24. Nf5 Qh6 25. Nxh6 Bxh6 26. Rxc5 Rd7 27. Rxa5 Rbd8 28. Qd3 Kg8 29. Rc5 Bg5 30. Qc3 Re8 31. Rc8 Rdd8 32. Rxd8 Rxd8 33. Qc7 Bf6 34. Qxa7 Rc8 35. Qb7 Rc3 36.
Qxd5 Rc2 37. Qe4 Rc8 38. b4 Rc3 39. a4 Ra3 40. b5 Rb3 41. a5 Rxb5 42. Qe8+ Kh7 43.
Qxb5 g6 44. Qd7 Kg7 45. Qe8 Bc3 46. Rd7 Bxa5 47. Qxf7+ Kh6 48. f4 Kh5 49. Qh7# 1-0

[Event "*** Titled Tuesday Blitz"]
[Site "Chess.com"]
[Date "2020.04.21"]
[Round "6"]
[White "inegrepus"]
[Black "LifeIsAllAboutChess23"]
[Result "1-0"]
[WhiteElo "2266"]
[BlackElo "2011"]
[TimeControl "180+1"]
[EndTime "11:08:21 PDT"]
[Termination "inegrepus won by checkmate"]

1. d4 f5 2. e4 fxe4 3. Nc3 d5 4. f3 Nf6 5. Bg5 Bf5 6. fxe4 dxe4 7. Bc4 Nc6 8. Nge2 e5 9. O-O exd4 10. Rxf5 dxc3 11.
Nxc3 Qd4+ 12. Qxd4 Nxd4 13. Re5+ Kd7 14. Bxf6 gxf6 15.
Rxe4 Bc5 16. Rd1 Rae8 17. Rexd4+ Bxd4+ 18. Rxd4+ Kc8 19. Be2 Re5 20. Bg4+ f5 21. Bh3 Rf8 22. Rf4 Kd7 23. Ne4 h6 24. Ng3 Ke6 25. Nxf5 Rexf5 26.
Kf2 Ke5 27. Rxf5+ Rxf5+ 28. Bxf5 Kxf5 29. Kf3 h5 30. g3 Kg5 31. h3 Kf5 32. g4+ Kg5 33.
Kg3 hxg4 34. hxg4 a6 35. Kf3 b6 36. Kg3 c6 37. Kf3 a5 38. a4 b5 39. b3 bxa4 40.
bxa4 c5 41. c4 Kg6 42. Ke4 Kf6 43. Kd5 Kg5 44. Kxc5 Kxg4 45. Kb6 Kf5 46. c5 Ke6 47. c6 Kd5 48. c7 Kc4 49. Kxa5 Kb3 50. c8=Q Ka3 51. Qc3+ Ka2 52. Kb4 Kb1 53. Qd2 Ka1 54. Kb3 Kb1 55. Qe1# 1-0

[Event "*** Titled Tuesday Blitz"]
[Site "Chess.com"]
[Date "2020.04.21"]
[Round "6"]
[White "rasmussvane"]
[Black "Nikolakis2014"]
[Result "0-1"]
[WhiteElo "2862"]
[BlackElo "2704"]
[TimeControl "180+1"]
[EndTime "11:08:22 PDT"]
[Termination "Nikolakis2014 won on time"]

1. Nf3 Nf6 2. g3 e6 3. Bg2 d5 4.
O-O Be7 5. c4 O-O 6. b3 c5 7. cxd5 exd5 8. d4 Nc6 9. Bb2 Ne4 10.
Nc3 Bf6 11. Na4 b6 12. Rc1 Re8 13. dxc5 Bxb2 14. Nxb2 bxc5 15. Na4 Ba6 16. Re1 c4 17. Nd4 Qf6 18. Bxe4 Nxd4 19. Bxd5 Rad8 20. Nc3 cxb3 21. axb3 h5 22. e3 Rxd5 23. Nxd5 Nf3+ 24. Kh1 Qf5 25. Nf4 Nxe1 26. Qxe1 Bb7+ 27. Kg1 Qe4 28. f3 Qxf3 29.
Qd2 Qh1+ 30. Kf2 Qxh2+ 31. Ke1 Qxg3+ 32. Kf1 Ba6+ 33. Ne2 Rxe3 34. Rc8+ Kh7 35. Qc2+ g6 36. Rh8+ Kxh8 0-1

[Event "*** Titled Tuesday Blitz"]
[Site "Chess.com"]
[Date "2020.04.21"]
[Round "6"]
[White "annamaja"]
[Black "juniortay"]
[Result "1-0"]
[WhiteElo "2236"]
[BlackElo "2395"]
[TimeControl "180+1"]
[EndTime "11:08:22 PDT"]
[Termination "annamaja won by checkmate"]

1. e4 e5 2. Nf3 Nf6 3. Nxe5 Nc6 4. Nxc6 dxc6 5. Nc3 Bc5 6. Be2 Qd4 7. O-O h5 8. d3 Ng4 9. Bxg4 hxg4 10. g3 Qe5 11. Bf4 Qh5 12. h4 Be7 13. Kg2 g5 14. Bxc7 gxh4 15.
Rh1 h3+ 16. Kh2 Be6 17. Ne2 Qb5 18. Nf4 Bd7 19. d4 Rg8 20. a4 Qg5 21. Nd3 Qf6 22. Be5 Qg6 23. Qe2 O-O-O 24. a5 f5 25. Bf4 fxe4 26.
Ne5 Qf5 27. a6 b6 28. Qc4 Qe6 29. Qxe6 Bxe6 30. Nxc6 Rd7 31. Nxe7+ Rxe7 32. c3 Bd5 33. Rhe1 Re6 34. Ra3 Rc6 35. Re3 Kd7 36. b3 b5 37.
Ra5 Rb6 38. c4 bxc4 39. Rxd5+ Kc6 40. Rd6+ Kb5 41. bxc4+ Kxc4 42. Rxb6 axb6 43. Ra3 Kb4 44. Bd6+ Kb5 45. a7 Ra8 46. Bb8 Kc4 47. Ra4+ Kd5 48. Rb4 b5 49. Rxb5+ Kxd4 50. Rf5 Kd3 51. Rf4 Kd4 52.
Rxg4 Kd3 53. Rf4 e3 54. fxe3 Kxe3 55. Rf8 Ke4 56. Kxh3 Kd5 57. g4 Kc6 58. g5 Kb7 59. g6 Kc6 60. g7 Kb7 61. g8=Q Kc6 62. Qe6+ Kb7 63. Rf7# 1-0

[Event "*** Titled Tuesday Blitz"]
[Site "Chess.com"]
[Date "2020.04.21"]
[Round "6"]
[White "Savagelittlemole"]
[Black "Paralinch"]
[Result "0-1"]
[WhiteElo "2672"]
[BlackElo "2950"]
[TimeControl "180+1"]
[EndTime "11:08:23 PDT"]
[Termination "Paralinch won by resignation"]

1. e4 c6 2. d4 d5 3. e5 Bf5 4.
h4 Qb6 5. Ne2 c5 6. dxc5 Qxc5 7.
Nd4 Bd7 8. e6 Bxe6 9. Nxe6 fxe6 10. Bd3 Nf6 11. O-O e5 12. Nc3 e4 13. Bb5+ Nc6 14.
Be3 Qd6 15. Bg5 O-O-O 16. Bxc6 Qxc6 17. Qd4 a6 18. Bf4 e6 19. Na4 Bd6 20. Bxd6 Qxd6 21. Qa7 Kc7 22. Rae1 Qc6 23. Re3 Qxa4 24. Rc3+ Kd7 25.
Qxb7+ Ke8 26. Qxg7 Rf8 27. Rc7 Nd7 28. Qxh7 Qd4 29.
Qg6+ Ke7 30. Kh1 Qf6 31. Qg4 Rg8 32. Qh3 Rg7 33. f3 Rdg8 34. fxe4 Qxf1+ 0-1

[Event "*** Titled Tuesday Blitz"]
[Site "Chess.com"]
[Date "2020.04.21"]
[Round "6"]
[White "Nakachuk"]
[Black "Vuk2000"]
[Result "0-1"]
[WhiteElo "2766"]
[BlackElo "2621"]
[TimeControl "180+1"]
[EndTime "11:08:23 PDT"]
[Termination "Vuk2000 won by resignation"]

1. Nf3 Nf6 2. g3 d5 3. Bg2 e6 4. O-O Be7 5. d3 O-O 6. Nbd2 c5 7. e4 Nc6 8. e5 Nd7 9. Re1 b5 10. Nf1 a5 11. h4 b4 12. Bf4 a4 13. a3 bxa3 14.
bxa3 Ba6 15. N1h2 Rb8 16. Ng5 Nd4 17. Qh5 h6 18. Ng4 hxg5 19. hxg5 g6 20. Qh3 Bxg5 21. Be3 Bxe3 22. fxe3 Nxc2 23. Rf1 Qg5 24. Nh6+ Kg7 25. Nxf7 Qxe3+ 26. Kh1 Rh8 27. Nxh8 Rxh8 28. Rf7+ Kg8 29.
Raf1 Rxh3+ 30. Bxh3 Nxe5 31. Ra7 Bc8 32. Rc7 Qxg3 33.
Rxc8+ Kg7 34. Bxe6 Qh4+ 35. Kg1 Ne3 36. Rg8+ Kh7 37.
Rf2 Qg3+ 38. Kh1 Qxf2 0-1

[Event "*** Titled Tuesday Blitz"]
[Site "Chess.com"]
[Date "2020.04.21"]
[Round "6"]
[White "r31415"]
[Black "KingChess345"]
[Result "0-1"]
[WhiteElo "2360"]
[BlackElo "2113"]
[TimeControl "180+1"]
[EndTime "11:08:23 PDT"]
[Termination "KingChess345 won by checkmate"]

1. e4 c5 2. Nf3 Nc6 3. d4 cxd4 4. Nxd4 Nf6 5. Nc3 e5 6. Ndb5 d6 7. Bg5 a6 8. Na3 b5 9. Bxf6 gxf6 10. Nd5 Bg7 11. Bd3 f5 12. Qh5 Ne7 13. Nxe7 Qxe7 14. c3 d5 15. exd5 e4 16. Be2 b4 17. Nb1 f4 18. O-O O-O 19. a3 b3 20. Nd2 Kh8 21. Nxb3 Rg8 22. Kh1 Rb8 23. Bc4 Qc7 24. Qe2 f3 25. gxf3 exf3 26. Qe4 Bh3 27. Bd3 Bg2+ 28. Kg1 f5 29. Qxf5 Be5 30. d6 Bxd6 31. Qf6+ Rg7 32. Rfe1 Bxh2# 0-1

[Event "*** Titled Tuesday Blitz"]
[Site "Chess.com"]
[Date "2020.04.21"]
[Round "6"]
[White "GMMatamoros"]
[Black "temus_galaktionov"]
[Result "1/2-1/2"]
[WhiteElo "2534"]
[BlackElo "2745"]
[TimeControl "180+1"]
[EndTime "11:08:24 PDT"]
[Termination "Game drawn by repetition"]

1. Nf3 c6 2. d4 g6 3. b3 Bg7 4.
Bb2 d6 5. g3 Nd7 6. Bg2 Ngf6 7.
O-O O-O 8. Nbd2 Re8 9. a4 e5 10.
dxe5 dxe5 11. e4 Qc7 12. Re1 Nc5 13. b4 Ncd7 14. Nc4 Nd5 15. exd5 cxd5 16. Qxd5 e4 17. Bxg7 Kxg7 18. Rxe4 Nf6 19. Qd6 Qxd6 20. Nxd6 Rxe4 21.
Nxe4 Nxe4 22. Re1 Nc3 23. Re8 Nxa4 24. Ne5 Nb6 25. f4 a5 26. bxa5 Rxa5 27. Re7 Be6 28.
Rxb7 Na4 29. Kf2 Rc5 30. c4 Bxc4 31. Rb4 Bb5 32. Be4 Nc3 33. Bd3 f6 34. Bxb5 fxe5 35. Bd3 exf4 36. Rxf4 Nd5 37. Rd4 Kf6 38. h4 Ke5 39. Re4+ Kf6 40. Rd4 Ra5 41. Kf3 h6 42. Rc4 Ra3 43. Ke4 Ne7 44. Rd4 Ke6 45. Bc4+ Kf6 46.
Rd6+ Kg7 47. Rd7 Kf6 48. Rd6+ Kg7 49. Rd7 Kf8 50. Rd8+ Kg7 51. Rd7 1/2-1/2

[Event "*** Titled Tuesday Blitz"]
[Site "Chess.com"]
[Date "2020.04.21"]
[Round "6"]
[White "Yaacovn"]
[Black "Ellaijio_B"]
[Result "1-0"]
[WhiteElo "2826"]
[BlackElo "2671"]
[TimeControl "180+1"]
[EndTime "11:08:25 PDT"]
[Termination "Yaacovn won by resignation"]

1. d4 Nf6 2. Nf3 c5 3. c3 e6 4. Bg5 b6 5. e4 Bb7 6. e5 h6 7. Bd2 Ne4 8. Be3 Be7 9. Bd3 O-O 10. O-O f5 11. exf6 Nxf6 12. Ne5 Nc6 13. Ng6 Rf7 14.
Nxe7+ Qxe7 15. Bg6 Rff8 16. Nd2 cxd4 17. cxd4 Nb4 18.
Nc4 Nbd5 19. Rc1 Rac8 20. a3 Ba6 21. Bd3 Bb7 22. Qe2 g5 23. Ne5 Qg7 24. Rxc8 Rxc8 25. Bd2 Nf4 26. Bxf4 gxf4 27. Ng6 f3 28. gxf3 Nd5 29.
Kh1 Kf7 30. Rg1 Qf6 31. Qe4 d6 32. Ne5+ Kf8 33. Nd7+ Ke7 34. Nxf6 Nxf6 35. Qxb7+ Rc7 36. Qxc7+ 1-0

[Event "*** Titled Tuesday Blitz"]
[Site "Chess.com"]
[Date "2020.04.21"]
[Round "6"]
[White "Harsha_Bharathakoti"]
[Black "blobica"]
[Result "1-0"]
[WhiteElo "2784"]
[BlackElo "2531"]
[TimeControl "180+1"]
[EndTime "11:08:25 PDT"]
[Termination "Harsha_Bharathakoti won by resignation"]

1. d4 Nf6 2. c4 e6 3. Nf3 b6 4. a3 Ba6 5. Qc2 c6 6. e4 d5 7. e5 Nfd7 8. cxd5 cxd5 9. Bxa6 Nxa6 10. Qd3 Nc7 11. Nc3 Be7 12. h4 Qc8 13. Ng5 h6 14.
Nh3 Qa6 15. Qg3 Bf8 16. Nf4 Nb5 17. Nce2 Bb4+ 18. Kf1 Nxd4 19. Qxg7 O-O-O 20. Be3 Nxe2 21. Nxe2 Bc5 22. Rc1 Kb8 23. Rh3 Rdf8 24. Bxc5 Nxc5 25. Rf3 Qb7 26. Nd4 Rhg8 27. Qxh6 Ne4 28. Nxe6 Qa6+ 29. Kg1 Qe2 30. Qxf8+ Rxf8 31. Nxf8 Nd2 32. Rxf7 Qxe5 33. Nd7+ 1-0

[Event "*** Titled Tuesday Blitz"]
[Site "Chess.com"]
[Date "2020.04.21"]
[Round "6"]
[White "Orest_Vovk"]
[Black "kenta1234"]
[Result "0-1"]
[WhiteElo "2447"]
[BlackElo "2603"]
[TimeControl "180+1"]
[EndTime "11:08:25 PDT"]
[Termination "kenta1234 won by resignation"]

1. d4 Nf6 2. Bf4 g6 3. e3 Bg7 4. Nf3 d6 5. Nbd2 O-O 6. h3 Nc6 7. Be2 Re8 8. O-O e5 9. dxe5 dxe5 10. Bh2 e4 11. Ne1 Nd7 12. c3 Nb6 13. Nc4 Qxd1 14. Rxd1 Be6 15. Nxb6 axb6 16. a3 Be5 17.
Nc2 Bxh2+ 18. Kxh2 Bb3 19. Rd2 Bxc2 20. Rxc2 Red8 21.
Rfc1 f5 22. Kg1 Ne5 23. Kf1 Kf7 24. Ke1 Kf6 25. Rd1 Rxd1+ 26. Kxd1 Rd8+ 27. Rd2 Rxd2+ 28. Kxd2 h5 29. h4 g5 30. hxg5+ Kxg5 31. g3 h4 32. gxh4+ Kxh4 33. Bf1 Kg4 34. Bg2 Nd3 35. f3+ Kg3 36.
fxe4 Nc5 37. Bf1 Kf2 38. Bd3 Nxe4+ 39. Kc2 Kxe3 40. b4 f4 41. c4 f3 42. Bf1 Ng3 43.
Bh3 f2 44. Kc3 f1=Q 45. Bxf1 Nxf1 46. c5 bxc5 47. bxc5 Nd2 48. c6 b6 49. a4 Ke4 50. Kxd2 Kd4 51. Kc2 Kc4 52. a5 bxa5 53. Kb2 Kc5 54. Kb3 Kxc6 55. Ka4 Kb6 56. Kb3 c5 57.
Kc3 Kb5 58. Kb3 a4+ 59. Kc3 c4 60. Kb2 Kb4 61. Kc2 a3 62. Kb1 Kb3 63. Ka1 Kc2 64.
Ka2 c3 65. Kxa3 Kd2 66. Ka2 c2 67. Ka1 c1=Q+ 68. Ka2 Qc3 69. Kb1 Qb4+ 70. Ka2 Kc2 0-1

[Event "*** Titled Tuesday Blitz"]
[Site "Chess.com"]
[Date "2020.04.21"]
[Round "6"]
[White "cottage_cheese"]
[Black "flomarechot"]
[Result "0-1"]
[WhiteElo "2206"]
[BlackElo "2114"]
[TimeControl "180+1"]
[EndTime "11:08:25 PDT"]
[Termination "flomarechot won on time"]

1. e4 e6 2. d4 d5 3. Nc3 dxe4 4. Nxe4 Bd7 5. Nf3 Bc6 6. Ng3 Bxf3 7. Qxf3 c6 8. c3 Nf6 9. Bd3 Be7 10. Bf4 O-O 11. O-O Nbd7 12. Rfe1 Nd5 13. Bd2 a5 14. Rad1 Re8 15. Ne4 N5f6 16. c4 Nxe4 17. Rxe4 Nf6 18. Rh4 g6 19. Bg5 Nd7 20. Bxe7 Qxe7 21. Qh3 Nf8 22.
Re4 Qb4 23. Re2 Rad8 24. Qe3 Qa4 25. Ra1 c5 26. dxc5 Qb4 27. b3 a4 28. Rb1 axb3 29.
axb3 Nd7 30. Bc2 Qxc5 31. Rd1 Qxe3 32. Rxe3 Nc5 33. b4 Rxd1+ 34. Bxd1 Na6 35. b5 Nc5 36. Kf1 Rd8 37. Ke2 b6 38. Ra3 Kg7 39. Ra7 Rd6 40. Bc2 h5 41. Ra8 Rd4 42. Ke3 Rxc4 0-1

[Event "*** Titled Tuesday Blitz"]
[Site "Chess.com"]
[Date "2020.04.21"]
[Round "6"]
[White "Taron_Shagbazyan"]
[Black "InfiniteAdaption"]
[Result "1-0"]
[WhiteElo "2633"]
[BlackElo "2477"]
[TimeControl "180+1"]
[EndTime "11:08:26 PDT"]
[Termination "Taron_Shagbazyan won by resignation"]

1. d4 Nf6 2. c4 c5 3. d5 e6 4. Nc3 g6 5. e4 d6 6. Nf3 Bg7 7.
Be2 Na6 8. O-O O-O 9. Be3 exd5 10. exd5 Bg4 11. h3 Bxf3 12. Bxf3 Nd7 13. Qd2 Nc7 14. Rac1 Ne5 15. Be2 Qh4 16. b3 Rfe8 17. Bg5 Qd4 18. Qxd4 cxd4 19. Ne4 h6 20. Bd2 Rad8 21.
Rfe1 f5 22. Ng3 b6 23. h4 Re7 24. h5 Rde8 25. hxg6 Nxg6 26. Bd3 Rxe1+ 27. Rxe1 Rxe1+ 28. Bxe1 Ne5 29. Bxf5 Na6 30. Ne4 Nf7 31. Be6 Nc5 32. Bxf7+ Kxf7 33. Nxd6+ Kg6 34. Kf1 d3 35. f3 Be5 36. Ne4 Nd7 37. Bd2 h5 38. Be3 Kf5 39.
Ke1 h4 40. Kd2 Bf4 41. Kxd3 Ne5+ 42. Ke2 Bxe3 43. Kxe3 Ng6 44. g4+ hxg3 45. Nxg3+ Ke5 46. Ne2 Kd6 47. f4 Ne7 48. Ke4 Nc8 49. Nd4 Ke7 50. Ke5 Nd6 51. Nf5+ Kd7 52. Nxd6 1-0

[Event "*** Titled Tuesday Blitz"]
[Site "Chess.com"]
[Date "2020.04.21"]
[Round "6"]
[White "jsdbv18"]
[Black "DanielTitichoca"]
[Result "1-0"]
[WhiteElo "2564"]
[BlackElo "2337"]
[TimeControl "180+1"]
[EndTime "11:08:27 PDT"]
[Termination "jsdbv18 won on time"]

1. e4 c5 2. Nf3 d6 3. d4 cxd4 4. Nxd4 Nf6 5. Nc3 a6 6. Bg5 Qb6 7. Bxf6 gxf6 8. Nb3 e6 9. Qd2 h5 10. O-O-O Nc6 11. Kb1 Qc7 12. f4 b5 13. a3 Bb7 14. g3 Rc8 15. Bg2 b4 16. axb4 Nxb4 17. Rhe1 Be7 18. f5 Bc6 19. fxe6 fxe6 20. Bh3 Bd7 21. Nd4 Qc4 22. Qe2 Kf7 23. Rf1 Qxe2 24.
Ncxe2 Nc6 25. c3 Nxd4 26. Nxd4 Rc5 27. Rf2 Rb8 28. Kc2 a5 29. Kd3 a4 30. Ra1 Rbc8 31.
Raf1 d5 32. e5 f5 33. Re1 a3 34. Bxf5 exf5 35. e6+ Ke8 36. exd7+ Kxd7 37. Nxf5 Bf8 38. Rc2 axb2 39. Rb1 Ke6 40. Nd4+ Kd7 41. Rbxb2 Bg7 42.
Rb7+ R8c7 43. Rxc7+ Rxc7 44. Re2 Bxd4 45. cxd4 Kd6 46. Re5 Rh7 47. Ke3 Ra7 48. Rxh5 Ra3+ 49. Kf2 Ra2+ 50. Kf3 Rd2 51. Rh6+ Kd7 52. Ke3 Rxd4 53.
h4 1-0

[Event "*** Titled Tuesday Blitz"]
[Site "Chess.com"]
[Date "2020.04.21"]
[Round "6"]
[White "gurelediz"]
[Black "InitiatingASC"]
[Result "0-1"]
[WhiteElo "2586"]
[BlackElo "2467"]
[TimeControl "180+1"]
[EndTime "11:08:27 PDT"]
[Termination "InitiatingASC won by resignation"]

1. e4 c5 2. Nf3 Nc6 3. d4 cxd4 4. Nxd4 Nf6 5. Nc3 e5 6. Ndb5 h6 7. Nd6+ Bxd6 8. Qxd6 Qe7 9. Qd2 d6 10. Bd3 Be6 11.
O-O O-O 12. b3 d5 13. exd5 Nxd5 14. Nxd5 Bxd5 15. c4 Be6 16. Bb2 Rad8 17. Qe3 Qg5 18. Qxg5 hxg5 19. Rad1 Rd7 20. Be4 Nd4 21. Rd2 Rfd8 22.
Bc3 f5 23. Bb1 Nf3+ 24. gxf3 Rxd2 25. Bxd2 Rxd2 26. Re1 Kf7 27. Kg2 Kf6 28. Rc1 a5 29. Bc2 Bd7 30. Rd1 Rxd1 31. Bxd1 Bc6 32. Kf1 Ke6 33. Ke2 Kd6 34. Bc2 g6 35. a3 Kc5 36. Bd3 Kd4 37. Bc2 a4 38. bxa4 Kxc4 39. Bd1 Kc3 40. a5 Kb2 41. a4 Ka3 42. Kd3 Bxa4 0-1

[Event "*** Titled Tuesday Blitz"]
[Site "Chess.com"]
[Date "2020.04.21"]
[Round "6"]
[White "isla88"]
[Black "MathiasWomacka"]
[Result "1/2-1/2"]
[WhiteElo "2308"]
[BlackElo "2452"]
[TimeControl "180+1"]
[EndTime "11:08:28 PDT"]
[Termination "Game drawn by agreement"]

1. c4 c5 2. Nf3 Nf6 3. Nc3 e6 4. e3 d5 5. d4 Nc6 6. a3 Ne4 7. cxd5 exd5 8. dxc5 Nxc3 9. bxc3 Bxc5 10. c4 Be6 11.
cxd5 Qxd5 12. Qxd5 Bxd5 13. Bb2 O-O 14. Be2 Rfd8 15.
O-O Be7 16. Nd4 Nxd4 17. Bxd4 b6 18. a4 Rdc8 19. a5 Rc2 20. Bd1 Ra2 21. Rxa2 Bxa2 22.
axb6 axb6 23. Bf3 Rb8 24. Ra1 Bc4 25. Ra7 Bd6 26. Rd7 Bf8 27. Be5 Re8 28. Bc3 b5 29.
Rb7 Rd8 30. h4 f6 31. Bc6 Rd3 32. Ba5 Rd1+ 33. Kh2 Bd6+ 34. f4 Bc5 35. Bxb5 Bxb5 36. Rxb5 Bxe3 37. Bc7 g6 38. h5 1/2-1/2

[Event "*** Titled Tuesday Blitz"]
[Site "Chess.com"]
[Date "2020.04.21"]
[Round "6"]
[White "agrigo3"]
[Black "dpruess"]
[Result "1-0"]
[WhiteElo "2316"]
[BlackElo "2446"]
[TimeControl "180+1"]
[EndTime "11:08:29 PDT"]
[Termination "agrigo3 won on time"]

1. Nf3 d5 2. g3 Nc6 3. Bg2 e5 4.
O-O e4 5. Ne1 Nf6 6. d3 exd3 7.
exd3 Be7 8. d4 O-O 9. c3 Ne4 10.
Nd2 f5 11. Nxe4 fxe4 12. f3 Bf5 13. Nc2 exf3 14. Rxf3 Qd7 15. Ne3 Be4 16. Rxf8+ Rxf8 17. Qg4 Qxg4 18. Nxg4 Bxg2 19. Kxg2 h5 20. Nf2 Bd6 21. Bg5 Re8 22. Kf1 Na5 23. b3 Ba3 24. Re1 Rxe1+ 25. Kxe1 Kf7 26. Kd2 Ke6 27. Bf4 c6 28. Nd3 b6 29.
Ne5 Bd6 30. Nd3 Be7 31. Ke3 g6 32. Bb8 a6 33. Bc7 1-0

[Event "*** Titled Tuesday Blitz"]
[Site "Chess.com"]
[Date "2020.04.21"]
[Round "6"]
[White "velemajstor767276"]
[Black "checkmatequen"]
[Result "1-0"]
[WhiteElo "2504"]
[BlackElo "2229"]
[TimeControl "180+1"]
[EndTime "11:08:29 PDT"]
[Termination "velemajstor767276 won by checkmate"]

1. d4 Nf6 2. Bg5 e6 3. e4 h6 4. Bxf6 Qxf6 5. c3 d6 6. Bd3 g6 7. Ne2 Bg7 8. O-O e5 9. f4 Qe7 10. Nd2 exf4 11. Nxf4 c6 12. Qf3 O-O 13. Rae1 h5 14.
Bc4 Qg5 15. h4 Qf6 16. Qg3 Kh7 17. Nxh5 gxh5 18. Rxf6 Bxf6 19. Rf1 Nd7 20. Qxd6 Rg8 21. Rxf6 Nxf6 22. Qxf6 Bg4 23. Bxf7 Rg7 24. e5 Rf8 25. e6 Bxe6 26. Bg6+ Rxg6 27. Qxf8 Bd5 28. Nf3 Rg7 29.
Ng5+ Kg6 30. Qe8+ Kf6 31. Qe5+ Kg6 32. b3 b5 33. Kf2 Rg8 34. Qe7 Kf5 35. g3 Rg6 36. Qh7 Kf6 37. Qxh5 Kg7 38. Qh7+ Kf6 39. Qxa7 Rg7 40. Qb8 Kg6 41. Qd6+ Kh5 42. Qf4 Rg6 43. g4+ Kxh4 44. Nf3+ Kh3 45. Qg3# 1-0

[Event "*** Titled Tuesday Blitz"]
[Site "Chess.com"]
[Date "2020.04.21"]
[Round "6"]
[White "kosmeg"]
[Black "pgradalski"]
[Result "0-1"]
[WhiteElo "2382"]
[BlackElo "2226"]
[TimeControl "180+1"]
[EndTime "11:08:29 PDT"]
[Termination "pgradalski won on time"]

1. Nf3 d5 2. g3 Nf6 3. Bg2 c6 4. c4 dxc4 5. O-O Be6 6. Ng5 Qd7 7. Na3 h6 8. Nxe6 Qxe6 9. Qc2 Qxe2 10. Nxc4 Nbd7 11.
b3 e6 12. Bb2 Be7 13. Rfe1 Qh5 14. Ne5 O-O 15. Bf3 Qh3 16. Bg2 Qh5 17. h4 Nxe5 18. Rxe5 Qg4 19. Rae1 Rfd8 20. h5 Bb4 21. Bc3 Bxc3 22.
dxc3 Nxh5 23. R1e4 Qg6 24. Qe2 Nf6 25. Rb4 b6 26. Bxc6 Rac8 0-1

[Event "*** Titled Tuesday Blitz"]
[Site "Chess.com"]
[Date "2020.04.21"]
[Round "6"]
[White "Evgeny81"]
[Black "claudyna16"]
[Result "1-0"]
[WhiteElo "2720"]
[BlackElo "2517"]
[TimeControl "180+1"]
[EndTime "11:08:30 PDT"]
[Termination "Evgeny81 won by resignation"]

1. d4 Nf6 2. c4 g6 3. Nc3 Bg7 4. e4 d6 5. Nf3 O-O 6. h3 e5 7. d5 a5 8. g4 Na6 9. Be3 Nd7 10. Rg1 Ndc5 11. a3 Bd7 12. h4 a4 13. g5 Nb3 14.
Rb1 Nac5 15. Be2 f6 16. gxf6 Qxf6 17. Rg3 Nd4 18. Kf1 Ncb3 19. Kg2 Nxf3 20. Bxf3 Nd4 21.
Bg4 Be8 22. Qd2 Nb3 23. Qe2 Nd4 24. Qd2 Nb3 25. Qd1 Kh8 26. Qh1 h6 27. Rf1 Qf7 28.
Be6 Qe7 29. Bg5 Rf6 30. f4 Nc5 31. Bxf6 Qxf6 32. f5 Nxe6 33. fxe6 Qe7 34. Rgf3 b5 35. cxb5 Rb8 36. Rf7 Bxf7 37. Rxf7 Qe8 38. Qf1 Rxb5 39. Nxb5 Qd8 40. Kh3 1-0

[Event "*** Titled Tuesday Blitz"]
[Site "Chess.com"]
[Date "2020.04.21"]
[Round "6"]
[White "qqwow"]
[Black "AsaHoffmann"]
[Result "0-1"]
[WhiteElo "2466"]
[BlackElo "2349"]
[TimeControl "180+1"]
[EndTime "11:08:30 PDT"]
[Termination "AsaHoffmann won by resignation"]

1. d4 Nf6 2. c4 c5 3. d5 e5 4. Nc3 d6 5. e4 Be7 6. h3 Nbd7 7. g4 Nf8 8. Nge2 Ng6 9. Ng3 Nf4 10. Be3 a6 11.
Qc2 g6 12. O-O-O Bd7 13. Bxf4 exf4 14. Nge2 g5 15. h4 f3 16. Ng3 Nxg4 17. hxg5 Bxg5+ 18. Kb1 Qe7 19. e5 Nxe5 20. Nce4 O-O-O 21. Bh3 h6 22. Bxd7+ Qxd7 23. a3 Rdf8 24. b4 cxb4 25. axb4 Kb8 26. c5 dxc5 27. bxc5 Qb5+ 28. Ka2 Rd8 29. Nf5 Nc4 30.
Qb3 Rhe8 31. Qxb5 axb5 32. Ned6 Re2+ 33. Kb3 Nd2+ 34. Kb4 Ne4 35. Kxb5 Nxf2 36. Nc4 Nxh1 37. Rxh1 f2 38. Nfd6 Re1 39. Rh3 f1=Q 40. Rb3 Rb1 41. Rb4 Rxb4+ 42. Kxb4 Be7 43. Nb5 Qf2 44. d6 Bf8 45.
Nb6 h5 46. Nc3 Bxd6 47. cxd6 Qxb6+ 48. Kc4 0-1

[Event "*** Titled Tuesday Blitz"]
[Site "Chess.com"]
[Date "2020.04.21"]
[Round "6"]
[White "Justinz"]
[Black "mortngabriel"]
[Result "1-0"]
[WhiteElo "2306"]
[BlackElo "2438"]
[TimeControl "180+1"]
[EndTime "11:08:30 PDT"]
[Termination "Justinz won by resignation"]

1. e4 c5 2. Nf3 a6 3. d4 cxd4 4. Nxd4 Nf6 5. Nc3 e5 6. Nb3 Bb4 7. Bg5 h6 8. Bxf6 Bxc3+ 9. bxc3 Qxf6 10. Bc4 Qg6 11. Qf3 O-O 12. O-O b5 13. Bd5 Ra7 14.
a4 Rc7 15. axb5 axb5 16. Ra5 Qb6 17. Qd3 Ba6 18. Rfa1 Rfc8 19. Qf3 d6 20. h3 Bb7 21. Qd3 Rxc3 22. Qxb5 Qxb5 23. Rxb5 Bxd5 24. Rxd5 Rxc2 25. Rxd6 Nc6 26. Rd7 Rb2 27. Nc5 Rb5 28. Nd3 Rb3 29. Rc1 Rd8 30. Nxe5 Rxd7 31. Nxd7 Nd4 32. Rc8+ Kh7 33.
Nf8+ Kg8 34. Ne6+ 1-0

[Event "*** Titled Tuesday Blitz"]
[Site "Chess.com"]
[Date "2020.04.21"]
[Round "6"]
[White "GMNeiksans"]
[Black "GuerrieroFromLevant"]
[Result "1-0"]
[WhiteElo "2862"]
[BlackElo "2420"]
[TimeControl "180+1"]
[EndTime "11:08:31 PDT"]
[Termination "GMNeiksans won by resignation"]

1. f4 d5 2. Nf3 Nf6 3. g3 g6 4.
Bg2 Bg7 5. O-O O-O 6. d3 c5 7.
c3 Nc6 8. Qe1 d4 9. Na3 Nd5 10.
Bd2 b6 11. Nc4 Bb7 12. a4 Re8 13. e4 dxe3 14. Bxe3 Qc7 15. Rd1 Rad8 16. Bc1 Ba6 17. Ng5 Bxc4 18. dxc4 Nf6 19. Qe2 Rxd1 20. Qxd1 Rd8 21.
Qe2 h6 22. Ne6 fxe6 23. Qxe6+ Kh7 24. Qxc6 Qxc6 25. Bxc6 Rd3 26. Re1 Ng4 27. Bg2 e5 28. Bf1 Rd7 29. h3 Nf6 30. fxe5 Nh5 31. e6 Re7 32. g4 Nf6 33. Bf4 Ne8 34. Bg2 Bf6 35.
Bd5 Kg7 36. Kg2 Bh4 37. Rf1 Nf6 38. Be5 Re8 39. a5 bxa5 40. Ra1 Kf8 41. Rxa5 Ng8 42. Rxa7 Ne7 43. Bd6 Rd8 44. Bxc5 Ke8 45. Ra8 Nxd5 46. Rxd8+ 1-0

[Event "*** Titled Tuesday Blitz"]
[Site "Chess.com"]
[Date "2020.04.21"]
[Round "6"]
[White "wannabe2700"]
[Black "stoleriu"]
[Result "0-1"]
[WhiteElo "2656"]
[BlackElo "2513"]
[TimeControl "180+1"]
[EndTime "11:08:31 PDT"]
[Termination "stoleriu won on time"]

1. b3 e5 2. Bb2 Nc6 3. e3 Nf6 4. Bb5 Bd6 5. Na3 a6 6. Bxc6 dxc6 7.
Nc4 Qe7 8. Ne2 e4 9. Nxd6+ cxd6 10. O-O O-O 11. f3 d5 12. Bxf6 gxf6 13. fxe4 dxe4 14.
Ng3 Kh8 15. Qh5 Rg8 16. Qh4 Rg4 17. Qxf6+ Qxf6 18. Rxf6 Be6 19. Raf1 a5 20. R1f4 Rxf4 21. Rxf4 a4 22. Nxe4 axb3 23. axb3 Ra2 24. c4 b5 25. cxb5 cxb5 26. b4 Rb2 27. Nd6 Rxd2 28. Nxb5 Bd5 29. e4 Bc4 30. Nc3 Kg7 31. e5 Ba6 32. b5 Bb7 33. Rf2 Rd3 34. Rc2 Re3 35.
Na4 Rxe5 36. Nc5 Bd5 37. b6 Re1+ 0-1

[Event "*** Titled Tuesday Blitz"]
[Site "Chess.com"]
[Date "2020.04.21"]
[Round "6"]
[White "Neimar24"]
[Black "Belka1989"]
[Result "1-0"]
[WhiteElo "2567"]
[BlackElo "2402"]
[TimeControl "180+1"]
[EndTime "11:08:31 PDT"]
[Termination "Neimar24 won by resignation"]

1. e4 e5 2. Nf3 Nc6 3. Bb5 a6 4. Bxc6 dxc6 5. O-O Bg4 6. h3 h5 7. d3 Bxf3 8. Qxf3 Bd6 9. Nd2 Qd7 10. Nc4 Ne7 11. a4 O-O-O 12. b4 f6 13. b5 g5 14. bxa6 bxa6 15. Qxf6 g4 16. h4 Rdf8 17. Nxe5 Rxf6 18. Nxd7 Kxd7 19. Bb2 Rhf8 20. e5 Bxe5 21. Bxe5 Rf5 22. Bg3 Nd5 23. Rfe1 Nc3 24. Ra3 Rc5 25. Rb3 Nd5 26.
c4 Nb6 27. Rb2 Nxa4 28. Ra2 Nb6 29. Rxa6 Ra8 30. Rxa8 Nxa8 31. Ra1 Nb6 32. Ra7 Ke6 33.
Rxc7 Nd7 34. Bf4 Nf6 35. Be3 Kd6 36. Rf7 1-0